 Dungeon Crawl Stone Soup version 0.31-a0-1204-ge2c1a860ed (webtiles) character file.

Game seed: 7863711951932441788

2 backslashecho the Ruffian (level 1, 0/24 HPs)
             Began as a Meteoran Shapeshifter on Dec 12, 2023.
             Slain by a gnoll
             ... wielding a +0 club
              (6 damage)
             ... on level 1 of the Dungeon.
             The game lasted 00:00:59 (79 turns).

backslashecho the Ruffian (Meteoran Shapeshifter)     Turns: 79, Time: 00:01:00

Health: 0/24       AC: 20    Str: 15    XL:     1   Next: 42%
Magic:  2/2        EV:  2    Int: 11    God:
Gold:   1          SH:  0    Dex: 13    Spells: 0/0 levels left

rFire   . .          .
                       - Unarmed
rCold   . . .        (no shield)
rNeg    . . .        a - melded +0 animal skin
rPois   +            (helmet currently unavailable)
rElec   .            (cloak currently unavailable)
rCorr   .            (gloves currently unavailable)
SInv    .            (boots currently unavailable)
Will    .....        (no amulet)
Stlth   +            (no ring)
HPRegen 0.24/turn    (no ring)
MPRegen 0.08/turn

%: no passive effects
@: tree-form, glowing
A: stationary, stasis, torment immunity, boosted hp, sense surroundings 1,
otherworldly, glowing, explore regen
a: no special abilities


You were on level 1 of the Dungeon.
You were a tree.
You visited 1 branch of the dungeon, and saw 1 of its levels.

You collected 1 gold pieces.

Inventory:

Armour
 a - a +0 animal skin (melded)
Jewellery
 e - a ring of ice
Talismans
 c - a beast talisman
 d - a flux talisman
Scrolls
 f - a scroll of silence {unknown}


   Skills:
 + Level 1.1 Fighting
 + Level 2.2 Dodging
 * Level 3.7 Unarmed Combat
 + Level 3.6 Shapeshifting


You couldn't memorise any spells.
You didn't know any spells.
Your spell library was empty.

Dungeon Overview and Level Annotations

Branches:
Dungeon (1/15) Zot: 520

Altars:


Innate Abilities, Weirdness & Mutations

You are a tree.
Your roots penetrate the ground, keeping you stationary.
You cannot be teleported.
You are immune to unholy pain and torment.
Your maximum health is greatly increased.
Your equipment is partially melded.
You passively map a small area around you.
You are easily found by Zot.
You glow in the dark.
You regain HP and MP as you explore.


Message History

No target in view!
You enter the shallow water.
Moving in this stuff is going to be slow.
You now have 1 gold piece.
Health restored: 16
There is an empty arch of ancient stone here.
f - a scroll labelled TEMIOKK KENOXT A bat comes into view.
The bat closely misses you.
A bat is nearby!
You hit the bat.
The bat is moderately wounded.
The bat misses you.
You hit the bat.
The bat is severely wounded.
The bat barely misses you. x2; The bat hits you but does no damage.
You barely miss the bat.
The bat is moderately wounded.
The bat hits you but does no damage.
You hit the bat.
You kill the bat!
No target in view!
You see here a bat corpse.
A gnoll comes into view. It is wielding a +0 club.
A gnoll is nearby!
The gnoll hits you with a +0 club.
You take 6 damage, and have 10/16 hp.
MASSIVE DAMAGE!!
You hit the gnoll.
The gnoll is moderately wounded.
The gnoll barely misses you.
You hit the gnoll.
The gnoll is moderately wounded.
The gnoll hits you with a +0 club.
You closely miss the gnoll.
The gnoll is moderately wounded.
The gnoll hits you with a +0 club.
* * * LOW HITPOINT WARNING * * *
You take 7 damage, and have 3/16 hp.
MASSIVE DAMAGE!!
You are too injured to fight recklessly!
You hit the gnoll.
The gnoll is severely wounded.
The gnoll closely misses you.
You hit the gnoll.
The gnoll is severely wounded.
Unknown command.
Your transformation has ended.
You turn into a tree.
Your +0 animal skin melds into your body.
Your roots penetrate the ground.
The gnoll hits you with a +0 club.
You die...

#.#
###############.#
#.............†.#
#.###############
#.# #.# #.# #.#
#♣# #g.# ##.# *
.# * ,,.., * ###
, * , *


You could see a gnoll.

Vanquished Creatures
  A quokka (D:1)
  A bat (D:1)
2 creatures vanquished.

Notes
Turn   | Place    | Note
-------+----------+-------------------------------------------
     0 | D:1      | backslashecho the Meteoran Shapeshifter began the quest for
                  | the Orb.
     0 | D:1      | Reached XP level 1. HP: 16/16 MP: 2/2
    79 | D:1      | Slain by a gnoll

Illustrated notes

Levels and vault maps discovered:
D:1:      mainiacjoe_arrival_reflecting_pool, layout_loops_ring,
          shapermc_ecumenical_altar_venn

Action                     || total
---------------------------++-------
  Melee: Unarmed           ||    10
    Use: Potion            ||     1
 Armour: Animal skin       ||     6
         Skin              ||     1
  Dodge: Dodged            ||     6

Table legend: (Time is in decaauts)
 A = Elapsed time spent in this place.
 B = Non-inter-level travel time spent in this place.
 C = Inter-level travel time spent in this place.
 D = Time resting spent in this place.
 E = Time spent auto-exploring this place.
 F = Levels seen in this place.
 G = Mean time per level.
                   A        B        C        D        E       F      G
               +--------+--------+--------+--------+--------+-----+--------+
         Total |     78 |     78 |      0 |      0 |     46 |   1 |   78.0 |
       Dungeon |     78 |     78 |      0 |      0 |     46 |   1 |   78.0 |
               +--------+--------+--------+--------+--------+-----+--------+

Top non-repeatable levels by time:
     D:1: 78 daAuts
